 Dungeon Crawl Stone Soup version 0.26-a0-778-g3fe0686644 (webtiles) character file.

Game seed: 1218006887035561955

158 snetch the Chopper (level 5, 0/47 HPs)
             Began as a Hill Orc Monk on Nov 9, 2020.
             Slain by Crazy Yiuf
             ... wielding a +4 quarterstaff of chaos
              (11 damage)
             ... on level 3 of the Dungeon.
             The game lasted 00:06:24 (3431 turns).

snetch the Chopper (Hill Orc Monk)                  Turns: 3431, Time: 00:06:24

Health: 0/47       AC:  4    Str: 15    XL:     5   Next: 39%
Magic:  5/5        EV: 13    Int: 10    God:
Gold:   129        SH:  0    Dex: 13    Spells: 4/4 levels left

rFire    . . .     SeeInvis .   a - +0 hand axe
rCold    . . .     Faith    .   (no shield)
rNeg     . . .     Spirit   .   c - +0 leather armour
rPois    .         Reflect  .   (no helmet)
rElec    .         Harm     .   (no cloak)
rCorr    .         Rampage  .   (no gloves)
MR       .....                  o - +0 pair of boots
Stlth    ++........             (no amulet)
HPRegen  0.15/turn              (no ring)
MPRegen  0.09/turn              (no ring)

@: no status effects
A: no striking features
a: no special abilities


You were on level 3 of the Dungeon.
You visited 1 branch of the dungeon, and saw 4 of its levels.

You collected 129 gold pieces.

Inventory:

Hand Weapons
 a - a +0 hand axe (weapon)
Missiles
 b - 40 stones (quivered)
 h - 37 arrows
 s - 12 sling bullets
 t - a poisoned dart
Armour
 c - a +0 leather armour (worn)
 o - a +0 pair of boots (worn)
Scrolls
 g - a scroll of magic mapping {unknown}
 m - 3 scrolls of identify {unknown}
 n - 2 scrolls of random uselessness {unknown}
 q - a scroll of remove curse {unknown}
 r - 2 scrolls of teleportation {unknown}
Potions
 d - a potion of attraction {unknown}
 e - a potion of berserk rage {unknown}
 f - a potion of haste
 i - a potion of heal wounds {unknown}
 j - a potion of magic {unknown}
 k - a potion of ambrosia {unknown}
 l - 2 potions of mutation {unknown}
 p - a potion of cancellation {unknown}


   Skills:
 + Level 4.4 Fighting
 + Level 5.6 Axes
 + Level 1.9 Armour
 + Level 3.1 Dodging
 + Level 2.0 Stealth


You had 4 spell levels left.
You didn't know any spells.
Your spell library was empty.

Dungeon Overview and Level Annotations

Branches:
Dungeon (4/15)
 Temple: D:4-7

Altars:

Annotations:
D:3 Crazy Yiuf


Message History

Crazy Yiuf barely misses you.
You slash Crazy Yiuf!
Crazy Yiuf is severely wounded.
Crazy Yiuf hits you with a +4 quarterstaff of chaos!
Crazy Yiuf freezes you.
You barely miss Crazy Yiuf.
Crazy Yiuf is severely wounded.
Crazy Yiuf hits you with a +4 quarterstaff of chaos.
* * * LOW HITPOINT WARNING * * *
Crazy Yiuf burns you.
* * * LOW HITPOINT WARNING * * *
You hit Crazy Yiuf but do no damage.
Crazy Yiuf is severely wounded.
Crazy Yiuf completely misses you.
You barely miss Crazy Yiuf.
Crazy Yiuf is severely wounded.
You hit Crazy Yiuf.
Crazy Yiuf is almost dead.
Crazy Yiuf hits you with a +4 quarterstaff of chaos!
You die...

##### #.## #.. ###
##### # #)..# #
#...# . ... # #g#
♣@♣♣ ♣♣.♣ ♣.♣♣ ♣♣.♣
### ♣♣.♣♣ #.. ♣♣P..♣
###### #.# ♣P.P.♣
#....# #....# #)...#
####....#####....###


You could see Crazy Yiuf.

Vanquished Creatures
  Natasha (twice) (D:3)
  4 adders
  2 worms (D:2)
  2 leopard geckos
  An orc (D:3)
  A giant cockroach (D:2)
  11 goblins
  8 hobgoblins
  2 jackals (D:2)
  3 quokkas (D:2)
  4 ball pythons
  5 bats
  7 frilled lizards
  3 kobolds
  11 rats
66 creatures vanquished.

Vanquished Creatures (others)
  A fungus (D:3)
1 creature vanquished.

Grand Total: 67 creatures vanquished

Notes
Turn   | Place    | Note
-------+----------+-------------------------------------------
     0 | D:1      | snetch the Hill Orc Monk began the quest for the Orb.
     0 | D:1      | Reached XP level 1. HP: 19/19 MP: 1/1
   513 | D:1      | Reached XP level 2. HP: 22/27 MP: 2/2
   801 | D:3      | Reached XP level 3. HP: 25/33 MP: 3/3
  1670 | D:2      | Reached skill level 5 in Axes
  1924 | D:2      | Reached XP level 4. HP: 37/40 MP: 4/4
  2568 | D:2      | Reached skill level 1 in Armour
  3092 | D:3      | Noticed Natasha
  3101 | D:3      | Killed Natasha
  3101 | D:3      | Reached XP level 5. HP: 33/47 MP: 5/5
  3193 | D:3      | Noticed Natasha
  3203 | D:3      | Killed Natasha
  3418 | D:3      | Found a runed translucent door.
  3419 | D:3      | Noticed Crazy Yiuf
  3431 | D:3      | Slain by Crazy Yiuf

Illustrated notes

Levels and vault maps discovered:
D:1:      giann_wishing_wells, layout_basic
D:2:      layout_basic
D:3:      layout_basic, serial_bayou_crossing, uniq_sigmund,
          uniq_crazy_yiuf_cottage, uniq_natasha, uniq_grinder
D:4:      cheibrodos_old_hovel, layout_layer_cave, kiku_gazebo_garden_becter,
          nicolae_ru_great_annihilating_truth, temple_pool_b

Skill      XL: |  1  2  3  4 |
---------------+-------------+-----
Fighting       | 4 |  4.4
Axes           | 5 |  5.6
Armour         | 1 |  1.9
Dodging        | 3 |  3.1
Stealth        | 2 |  2.0

Action                   |  1- 3 |  4- 6 || total
-------------------------+-------+-------++-------
Melee: Hand axe          |   140 |   152 ||   292
 Stab: Sleeping          |     2 |     3 ||     5
Armor: Leather armour    |    36 |    25 ||    61
       Robe              |     1 |       ||     1
Dodge: Dodged            |   104 |    91 ||   195

Table legend: (Time is in decaauts)
 A = Elapsed time spent in this place.
 B = Non-inter-level travel time spent in this place.
 C = Inter-level travel time spent in this place.
 D = Time resting spent in this place.
 E = Time spent auto-exploring this place.
 F = Levels seen in this place.
 G = Mean time per level.
                   A        B        C        D        E       F      G
               +--------+--------+--------+--------+--------+-----+--------+
         Total |   3462 |   3355 |    107 |    539 |   1935 |   4 |  865.5 |
       Dungeon |   3462 |   3355 |    107 |    539 |   1935 |   4 |  865.5 |
               +--------+--------+--------+--------+--------+-----+--------+

Top non-repeatable levels by time:
     D:1: 1561 daAuts
     D:2: 1007 daAuts
     D:3: 892 daAuts
     D:4: 1 daAuts
